 Dungeon Crawl Stone Soup version 0.27.0-1-g7a089689b8 (webtiles) character file.

Game seed: 2373846853048955447

358 Sin92 the Skirmisher (level 6, -11/53 HPs)
             Began as a Minotaur Fighter on Aug 1, 2021.
             Mangled by an ogre (19 damage)
             ... on level 6 of the Dungeon.
             The game lasted 00:04:00 (3374 turns).

Sin92 the Skirmisher (Minotaur Fighter)             Turns: 3374, Time: 00:04:00

Health: -11/53     AC: 10    Str: 21    XL:     6   Next: 37%
Magic:  5/5        EV:  6    Int:  5    God:
Gold:   205        SH:  9    Dex: 11    Spells: 5/5 levels left

rFire    . . .     SeeInvis .   t - +0 spear (vorpal)
rCold    + + .     Faith    .   c - +0 kite shield
rNeg     + . .     Spirit   .   g - +0 chain mail {rC+}
rPois    .         Reflect  .   (helmet restricted)
rElec    .         Harm     .   (no cloak)
rCorr    .         Rampage  .   m - +0 pair of gloves
Will     .....                  (no boots)
Stlth    ..........             (no amulet)
HPRegen  0.17/turn              r - ring of protection from cold
MPRegen  0.09/turn              p - ring of positive energy

@: no status effects
A: horns 2, retaliatory headbutt
a: no special abilities


You were on level 6 of the Dungeon.
You visited 1 branch of the dungeon, and saw 6 of its levels.

You collected 205 gold pieces.

Inventory:

Hand Weapons
 a - a +0 war axe
 e - a +0 spear of venom
 t - a +0 vorpal spear (weapon)
Armour
 b - a +0 scale mail
 c - a +0 kite shield (worn)
 g - a +0 chain mail of cold resistance (worn)
 m - a +0 pair of gloves (worn)
Jewellery
 l - a +6 ring of intelligence
 p - a ring of positive energy (right hand)
 r - a ring of protection from cold (left hand)
Scrolls
 f - a scroll of brand weapon
 i - a scroll of identify
 j - 2 scrolls of amnesia
 s - 2 scrolls of teleportation
Potions
 d - 2 potions of might
 h - 2 potions of mutation {unknown}
 k - 3 potions of flight {unknown}
 n - 2 potions of degeneration {unknown}
 o - 5 potions of curing {unknown}
 q - a potion of ambrosia {unknown}
 u - 2 potions of lignification {unknown}


   Skills:
 + Level 4.6 Fighting
 + Level 3.7(4.6) Axes
 * Level 4.2(4.9) Polearms
 + Level 4.5 Armour
 + Level 2.4 Dodging
 + Level 4.5 Shields


You had 5 spell levels left.
You didn't know any spells.
Your spell library contained the following spells:

 Spells                   Type           Power      Damage    Failure   Level
 Beastly Appendage        Tmut           0%         N/A       100%        1
 Shock                    Conj/Air       0%         1d3       100%        1
 Summon Small Mammal      Summ           0%         N/A       100%        1
 Blink                    Tloc           N/A        N/A       100%        2
 Corpse Rot               Necr/Air       N/A        N/A       100%        2
 Poisonous Vapours        Pois/Air       0%         N/A       100%        2
 Wereblood                Tmut           0%         N/A       100%        2
 Call Canine Familiar     Summ           0%         N/A       100%        3
 Dazzling Flash           Conj/Hex       0%         N/A       100%        3
 Lesser Beckoning         Tloc           0%         N/A       100%        3
 Spider Form              Tmut/Pois      0%         N/A       100%        3
 Summon Guardian Golem    Hex/Summ       0%         N/A       100%        3
 Swiftness                Air            0%         N/A       100%        3
 Airstrike                Air            0%         N/A       100%        4
 Agony                    Necr           0%         N/A       100%        5
 Freezing Cloud           Conj/Ice/Air   0%         6-21      100%        5
 Manifold Assault         Tloc           0%         N/A       100%        5
 Silence                  Hex/Air        0%         N/A       100%        5


Dungeon Overview and Level Annotations

Branches:
Dungeon (5/15)
 Temple: D:4-7

Altars:
Gozag
Makhleb
Xom

Shops:
D:1 ?   D:3 =


Innate Abilities, Weirdness & Mutations

You have a pair of horns on your head.
You reflexively headbutt those who attack you in melee.


Message History

The adder hisses angrily.
You hit the bullfrog skeleton. You headbutt the bullfrog skeleton.
The bullfrog skeleton is severely damaged.
You block the bullfrog skeleton's attack.
The kobold throws a stone.
The stone closely misses you.
The bullfrog skeleton completely misses you.
You furiously retaliate!
You headbutt the bullfrog skeleton. You hit the bullfrog skeleton.
You destroy the bullfrog skeleton!
A nearby plant withers and dies.
A necrophage comes into view.
Unknown command.
You reach to attack!
You hit the kobold.
You kill the kobold! 2 kobolds and a kobold brigand come into view.
The kobold brigand is wielding a +0 whip and quivering poisoned darts.
The kobold brigand shouts!
The kobold shouts! x2
Unknown command.
Okay, then.
The kobold throws a stone.
You block the stone.
Found a twisted silver wand.
You block the ogre's attack.
You hit the ogre but do no damage. You block the ogre's attack.
You barely miss the ogre. Your headbutt misses the ogre.
The ogre hits you with a +0 giant club!!
Your chain mail prevents you from hitting the ogre.
You hit the ogre but do no damage. You headbutt the ogre.
The ogre is lightly wounded.
The ogre hits you with a +0 giant club!
Unknown command.
You hit the ogre. Your headbutt misses the ogre.
The ogre is lightly wounded.
The ogre hits you with a +0 giant club!
* * * LOW HITPOINT WARNING * * *
Unknown command.
Okay, then.
You barely miss the ogre. You headbutt the ogre.
The ogre is lightly wounded.
The ogre hits you with a +0 giant club!!
You die...

#/# #.# ...
..# #.# #
####.##.#
..#E#..>....#
..### #.#
.....# #@#
.....##O#
....#KK#
#.K#S##
#...nK#
##...## ##..#
#.#)# #.###.S


You could see an ogre, a necrophage, an adder and 4 kobolds.

Vanquished Creatures
  A scorpion (D:4)
  4 orc priests (D:3)
  A jelly (D:4)
  A bullfrog skeleton (D:6)
  4 adders
  A white imp (D:4)
  A worm (D:4)
  4 dart slugs
  5 orcs (D:3)
  6 endoplasms
  A giant cockroach (D:4)
  9 goblins
  6 hobgoblins
  4 jackals (D:1)
  3 quokkas
  2 ball pythons (D:1)
  2 bats
  6 frilled lizards
  9 kobolds
  3 rats
73 creatures vanquished.

Vanquished Creatures (others)
  4 plants
4 creatures vanquished.

Grand Total: 77 creatures vanquished

Notes
Turn   | Place    | Note
-------+----------+-------------------------------------------
     0 | D:1      | Sin92 the Minotaur Fighter began the quest for the Orb.
     0 | D:1      | Reached XP level 1. HP: 19/19 MP: 0/0
   101 | D:1      | Reached skill level 1 in Polearms
   101 | D:1      | Reached XP level 2. HP: 23/27 MP: 1/1
   161 | D:1      | Found Vufupnaf's Magic Scroll Emporium.
   817 | D:2      | Found a shimmering altar of Xom.
   843 | D:2      | Reached XP level 3. HP: 33/33 MP: 2/2
   856 | D:2      | Reached skill level 1 in Dodging
  1448 | D:3      | Reached XP level 4. HP: 22/40 MP: 3/3
  1745 | D:3      | Found Uwkail's Jewellery Shoppe.
  2265 | D:3      | Reached XP level 5. HP: 46/46 MP: 4/4
  2527 | D:3      | Found a burning altar of Makhleb.
  2528 | D:3      | Noticed an Executioner
  2575 | D:3      | Found a faded altar of an unknown god.
  3042 | D:4      | Found an opulent altar of Gozag.
  3087 | D:4      | Reached XP level 6. HP: 53/53 MP: 5/5
  3311 | D:5      | Entered Level 5 of the Dungeon
  3351 | D:5      | You fall into a shaft and drop 1 floor!
  3352 | D:6      | Noticed an air elemental
  3374 | D:6      | Mangled by an ogre

Illustrated notes

Levels and vault maps discovered:
D:1:      eino_arrival_druids_welcome, layout_basic, serial_shops,
          nicolae_shop_window_shopping, hangedman_abyss_or_decor_lesser_grid,
          minmay_tetromino_i2
D:2:      layout_basic, basic_altar, corexii_shack
D:3:      layout_loops_ring, makhleb_altar_promises_db, serial_shops,
          nicolae_shop_behind_doors,
          dreamdust_ecumenical_altar_angels_and_demons, dk_noncrumbling_2
D:4:      wander_river, layout_rooms, mainiacjoe_overflow_paths, abandoned_shop
D:5:      layout_loops_ring, minitemple, overflow_temple_1_default
D:6:      layout_loops_ring, nicolae_qazlal_style_of_elements,
          nicolae_elyvilon_peaceful_grove, minmay_temple_entry_drinking_statues,
          portal_sewer_entry_f, serial_bayou, serial_bayou_lagoon_b,
          serial_bayou_shore_b, serial_bayou_pond_b, serial_shops,
          nicolae_shop_trees

Skill      XL: |  1  2  3  4  5  6 |
---------------+-------------------+-----
Polearms       | 1 2 3 4 |  4.2
Dodging        | 1 2 |  2.4
Fighting       | 4 |  4.6
Shields        | 4 |  4.5
Axes           | 3 |  3.7
Armour         | 4 |  4.5

Action                   |  1- 3 |  4- 6 || total
-------------------------+-------+-------++-------
Melee: Spear             |    91 |   107 ||   198
       Headbutt          |    10 |    18 ||    28
  Use: Scroll            |       |     4 ||     4
Armor: Scale mail        |    12 |       ||    12
       Chain mail        |    28 |    30 ||    58
Dodge: Dodged            |    24 |    15 ||    39
Block: Kite shield       |    37 |    35 ||    72
